[Event "45th FIDE Olympiad 2024"]
[Site "Budapest"]
[Date "2024.09.11"]
[Round "1.222"]
[White "Abdelaziz Bokhit, Badjoiri"]
[Black "Sipila, Vilka"]
[Result "0-1"]
[ECO "D00"]
[WhiteElo "1778"]
[BlackElo "2462"]
[Annotator "TA"]
[PlyCount "70"]
[EventDate "2024.09.05"]
[EventType "team-tourn"]
[EventCountry "HUN"]
[SourceTitle "playchess.com"]
[Source "ChessBase"]
[SourceQuality "1"]
[WhiteTeam "Chad"]
[BlackTeam "Finland"]
[WhiteTeamCountry "CHD"]
[BlackTeamCountry "FIN"]
[TimeControl "40/5400+30:1800+30"]

1. d4 Nf6 2. Nc3 d5 3. f3 c5 4. e4 dxe4 5. fxe4 cxd4 ({Weaker is} 5... Qxd4 6. Bb5+ Bd7 7. Qe2 $11) 6. e5 dxc3 7. Qxd8+ Kxd8 8. exf6 {Black is clearly better.} exf6 ({Don't play} 8... gxf6 9. Ne2 $17) 9. bxc3 Bd6 {Wards off Bf4} 10. Bb5 {Wards off Re8+} Bd7 11. Bc4 Re8+ 12. Kf1 (12. Ne2 $142) 12... Be6 $19 13. Bb3 Nd7 14. Nf3 Rc8 15. Bb2 Nb6 16. Rd1 Ke7 17. Nd4 Nc4 18. Bc1 Red8 19. Kf2 Ne5 20. Bb2 a6 21. Rhe1 g6 22. h3 h5 23. Re4 Bc4 24. Bxc4 (24. Nf3 {is a better defense.} Be6 25. Nd4) 24... Rxc4 25. Rde1 Kd7 26. Kf1 Ra4 27. Ra1 Ba3 28. Rb1 (28. Bxa3 {is tougher.} Rxa3 29. Rb1) 28... Nc4 {Black is clearly winning.} 29. Bc1 {Prevents Nd2+} Bxc1 30. Rxb7+ Kd6 {[#] And now ...Nd2+ would win.} 31. Nb3 Ne3+ 32. Rxe3 Bxe3 33. Rxf7 Rxa2 34. Rxf6+ Ke5 35. Rf3 Bb6 {Weighted Error Value: White=0.73/Black=0.07 (flawless) .  Mistake:       	White=3     	---        OK:         	White=9     	Black=8      Best:        	---       	Black=2} 0-1

[Event "45th FIDE Olympiad 2024"]
[Site "Budapest"]
[Date "2024.09.11"]
[Round "1.223"]
[White "Lahdelma, Henri"]
[Black "Adam, Jamal"]
[Result "1-0"]
[ECO "D35"]
[WhiteElo "2331"]
[BlackElo "2013"]
[Annotator "TA"]
[PlyCount "137"]
[EventDate "2024.09.05"]
[EventType "team-tourn"]
[EventCountry "HUN"]
[SourceTitle "playchess.com"]
[Source "ChessBase"]
[SourceQuality "1"]
[WhiteTeam "Finland"]
[BlackTeam "Chad"]
[WhiteTeamCountry "FIN"]
[BlackTeamCountry "CHD"]
[TimeControl "40/5400+30:1800+30"]

1. d4 Nf6 2. c4 e6 3. Nc3 d5 4. cxd5 exd5 5. Bg5 Nbd7 6. e3 c6 7. Bd3 Be7 8. Nge2 h6 9. Bh4 O-O 10. O-O Ne4 {Hoping for ...Nxc3. D35: Queen's Gambit Declined: Exchange Variation.} 11. Bxe7 Qxe7 12. Qc2 Ndf6 13. Rae1 Bd7 14. f3 Nxc3 15. Nxc3 Rad8 16. Na4 $146 ({Predecessor:} 16. e4 Qb4 17. Ne2 dxe4 18. fxe4 Bg4 19. Qc3 Qb6 20. Rxf6 gxf6 21. Bb1 Bxe2 22. Qg3+ Kh8 23. Qh4 Qxd4+ 24. Kh1 Qd1 25. h3 Qxe1+ {0-1 Staffen,R (1990)-Hrtko,V (2166) Zilina Region-ch 2013 (1)}) 16... b6 17. Re2 c5 18. dxc5 Bxa4 19. Qxa4 Qxc5 20. Qb5 Rc8 21. Qxc5 Rxc5 22. Rd2 Re8 23. Kf2 Kf8 24. Rfd1 Rec8 25. Ke2 Rc1 26. h4 Rxd1 27. Rxd1 h5 28. Kd2 Ke7 29. Bc2 Rc5 30. Bb3 Kd6 31. Kd3 Ke5 32. Rf1 Rc7 33. Rg1 Nd7 34. Kd2 Nf6 35. Rh1 a5 36. Rh3 Rc5 37. Rg3 g6 38. Rg5+ Kd6 39. e4 a4 $2 (39... dxe4 $11 40. Rxc5 bxc5 41. Bxf7 exf3 42. gxf3 (42. Bxg6 $2 fxg2 43. Bd3 g1=Q $19) 42... Nd5) 40. Bxa4 $18 {e5+ would now be deadly.} dxe4 41. Rxc5 Kxc5 {[#]} 42. Ke3 (42. Bb3 $1 $18 ) 42... exf3 $14 43. gxf3 (43. Kxf3 $14 Kd6 44. a3) 43... Nd5+ $11 44. Ke4 f6 (44... Ne7 $1 $11 {keeps the balance.}) 45. f4 $16 Ne7 46. Bd7 {Repels Nf5} Kd6 47. Be8 Ke6 48. a4 (48. b4 $16) 48... Kd6 $1 $14 49. b4 Kc7 50. Bf7 (50. a5 $14 bxa5 51. bxa5) 50... Kd6 (50... Kc6 $1 $11 {remains equal.}) 51. Kd3 Nf5 52. Bxg6 Nxh4 53. Bxh5 Nf5 (53... f5 $16 {might work better.}) 54. Bf7 Ne7 55. Kc4 Nc6 56. Be8 Ne7 57. a5 bxa5 58. bxa5 {And now a6 would win.} Nd5 $2 {[%mdl 8192] [#]} (58... Kc7 $16) 59. a6 $1 $18 {Black must now prevent a7.} Nxf4 (59... Ne7 $18 60. a7 Nc8) 60. a7 Nd5 61. Kb5 (61. a8=B Nb6+ 62. Kd4 Nxa8 $11) 61... f5 62. Bh5 (62. a8=B Nc7+ 63. Kc4 Nxa8 $11 (63... Nxe8 64. Bg2 $11)) 62... Kd7 63. Ka6 (63. a8=B Nf4 $11) 63... Nc7+ 64. Kb7 Kd6 65. Bf3 (65. a8=B Nxa8 66. Kxa8 f4 $11) 65... Kd7 66. Bg2 (66. a8=B Kd6 $11) 66... Kd6 67. Bc6 ({Weaker is} 67. a8=B f4 $11) 67... f4 68. Bg2 ({Stronger than} 68. a8=B f3 $11) 68... Kd7 69. Bf3 ({And not} 69. a8=B Nxa8 70. Kxa8 (70. Bh3+ Ke7 $11) 70... Ke7 $11) 1-0

[Event "45th FIDE Olympiad 2024"]
[Site "Budapest"]
[Date "2024.09.11"]
[Round "1.224"]
[White "Hassaballa, Ahmed Hassaballa"]
[Black "Wartiovaara, Oliver"]
[Result "0-1"]
[ECO "D02"]
[WhiteElo "1902"]
[BlackElo "2300"]
[Annotator "TA"]
[PlyCount "80"]
[EventDate "2024.09.05"]
[EventType "team-tourn"]
[EventCountry "HUN"]
[SourceTitle "playchess.com"]
[Source "ChessBase"]
[SourceQuality "1"]
[WhiteTeam "Chad"]
[BlackTeam "Finland"]
[WhiteTeamCountry "CHD"]
[BlackTeamCountry "FIN"]
[TimeControl "40/5400+30:1800+30"]

1. d4 d5 2. Bf4 c5 3. e3 Nc6 4. c3 Nf6 5. Nf3 Qb6 6. Qb3 c4 7. Qxb6 axb6 8. Nbd2 b5 9. a3 {[#]} b4 $1 10. Ne5 (10. cxb4 Nxb4) 10... bxc3 11. bxc3 {Black is slightly better.} Nxe5 12. Bxe5 e6 13. a4 b5 14. Bxf6 gxf6 15. Be2 b4 ({Black should play} 15... Rxa4 16. O-O Bd7) 16. Nb1 (16. Kd1 $17) 16... f5 17. Kd2 b3 18. g3 Bd6 19. Kc1 Ke7 20. Nd2 Bd7 21. a5 Rhb8 {...b2+ is the strong threat.} 22. Kb2 Rb5 (22... Ra6 $19 {is more deadly. White must now prevent ...Bc7.} 23. Rhe1 Rba8 24. Nxc4 dxc4 25. Bxc4 Rxa5 26. Rxa5 Rxa5 27. Bxb3 Kf6) 23. Nxc4 $17 dxc4 24. Bxc4 (24. a6 $17 {was the only defense.}) 24... Rbxa5 $19 25. Rxa5 Rxa5 26. Bxb3 Ba3+ 27. Kc2 Bc6 28. Ra1 Be4+ 29. Kd2 {[#]} Bb4 $1 30. Rf1 $2 {This costs White the game.} (30. Ra4 $17 Rxa4 31. Bxa4) (30. Rxa5 Bxa5) 30... Ra3 31. cxb4 (31. f3 $142 Rxb3 32. fxe4 Rb2+ (32... Rxc3 $2 33. exf5 exf5 34. Rf4 $19) (32... Bxc3+ $2 33. Kc2 $19) 33. Kd3 fxe4+ 34. Kxe4 Bxc3 35. h3) 31... Rxb3 {[%mdl 4096] Endgame. KRB-KR} 32. f3 Bd5 33. Rf2 Rb2+ 34. Ke1 Rxb4 35. h3 Rb3 36. Kd2 Bc4 37. g4 Rd3+ 38. Kc2 fxg4 39. hxg4 Rxe3 {( -> ...Re2+)} 40. g5 Re2+ {Weighted Error Value: White=0.65/Black=0.12 (very precise) .  Loses game:     	White=1     	---        Mistake:       	White=3     	Black=2      Inaccurate:     	White=3     	---        OK:         	White=9     	Black=13     Best:        	White=2     	Black=2} 0-1

[Event "45th FIDE Olympiad 2024"]
[Site "Budapest"]
[Date "2024.09.11"]
[Round "1.225"]
[White "Stratonowitsch, Andre"]
[Black "Maksimovic, Bojan"]
[Result "1/2-1/2"]
[ECO "B41"]
[WhiteElo "2154"]
[BlackElo "2503"]
[Annotator "TA"]
[PlyCount "80"]
[EventDate "2024.09.05"]
[EventType "team-tourn"]
[EventCountry "HUN"]
[SourceTitle "playchess.com"]
[Source "ChessBase"]
[SourceQuality "1"]
[WhiteTeam "Seychelles"]
[BlackTeam "Bosnia & Herzegovina"]
[WhiteTeamCountry "SEY"]
[BlackTeamCountry "BIH"]
[TimeControl "40/5400+30:1800+30"]

1. e4 c5 2. Nf3 e6 3. d4 cxd4 4. Nxd4 a6 5. c4 Nf6 6. Nc3 Qc7 7. Qd3 Nc6 8. Nxc6 dxc6 9. Be2 e5 10. O-O Be6 11. Be3 Rd8 12. Qc2 Be7 13. Na4 Nd7 {Wards off Bb6} 14. c5 O-O 15. Rad1 Rfe8 16. Rd2 Nf8 17. Rfd1 Rxd2 18. Rxd2 Rd8 19. Nb6 Rxd2 20. Bxd2 Qd8 21. b4 a5 22. a3 ({Much weaker is} 22. bxa5 Bxc5 23. Na4 Bd4 $15) 22... axb4 23. axb4 Nd7 24. Nc4 Qa8 25. Na5 Bd8 26. Nc4 Qa1+ ({Black should play} 26... Be7 $11) 27. Qc1 Qa2 28. h3 Bc7 29. Ne3 b6 {The position is equal.} 30. cxb6 Bxb6 31. Bc4 Bxc4 32. Nxc4 Bd4 33. Be3 h6 34. Nd6 Bxe3 35. fxe3 $11 {[%mdl 4096] Endgame. KQN-KQN} Qb3 36. Qxc6 Qxe3+ 37. Kh2 Qf4+ 38. Kg1 Qe3+ 39. Kh2 Qf4+ 40. Kg1 Qe3+ {Weighted Error Value: White=0.07 (flawless) /Black=0.07 (flawless) .  Mistake:       	---       	Black=1      Inaccurate:     	White=3     	Black=1      OK:         	White=13    	Black=15     Best:        	White=1     	Black=1} 1/2-1/2

[Event "45th FIDE Olympiad 2024"]
[Site "Budapest"]
[Date "2024.09.11"]
[Round "1.226"]
[White "Stojanovic, Dalibor"]
[Black "Bonne, Robin"]
[Result "1-0"]
[ECO "C24"]
[WhiteElo "2448"]
[BlackElo "1707"]
[Annotator "TA"]
[PlyCount "81"]
[EventDate "2024.09.05"]
[EventType "team-tourn"]
[EventCountry "HUN"]
[SourceTitle "playchess.com"]
[Source "ChessBase"]
[SourceQuality "1"]
[WhiteTeam "Bosnia & Herzegovina"]
[BlackTeam "Seychelles"]
[WhiteTeamCountry "BIH"]
[BlackTeamCountry "SEY"]
[TimeControl "40/5400+30:1800+30"]

1. e4 e5 2. Bc4 Nf6 3. d3 g6 4. Nf3 d5 5. exd5 Nxd5 6. Nxe5 Be6 7. O-O {Threatens to win with Re1. White is more active.} Bg7 8. Re1 {[%cal Oe5f7] [#] aiming for Nxf7! White is better.} O-O 9. Nd2 Nc6 (9... Nd7 $16) 10. Nxc6 $18 bxc6 11. Ne4 Rb8 12. Bb3 Re8 13. Bg5 f6 14. Bd2 Qc8 15. Qf3 f5 16. Ng5 Qd7 17. Rxe6 Rxe6 18. Nxe6 Qxe6 19. Re1 Qd7 20. c3 h6 21. Qe2 {[#] Qe6+ is the strong threat.} Kh7 22. Qe6 Qxe6 (22... Nf6 {was necessary.} 23. d4 Qd6 24. Qxd6 cxd6) 23. Rxe6 Rb6 24. d4 Nf6 25. Bf4 Nd5 26. Bc1 g5 27. Bc2 Nf6 (27... Kg8 {might work better.} 28. Bxf5 Bf8) 28. Bxf5+ Kh8 29. Re7 Rb5 30. Bd3 Rb7 31. b4 Bf8 32. Rf7 Bg7 33. Ba6 Rb6 34. Bc4 Rb7 35. Bb3 Nd5 36. Rd7 {Rd8+ would now be deadly.} ({Don't take} 36. Bd2 a6 37. Kf1 Nf4) 36... Nf6 (36... Rb8 $142 37. Bxd5 (37. Bd2 Bf8 $18) 37... cxd5 38. Rxd5 (38. Rxc7 a5 $18) 38... Bf8) 37. Rd8+ Ng8 38. Rxg8+ Kh7 39. Re8 Kg6 40. Re6+ Kh5 41. Bd1+ {White took control after the opening.   Weighted Error Value: White=0.10 (very precise) /Black=0.31.  Mistake:       	---       	Black=4      OK:         	White=18    	Black=12     Best:        	White=2     	Black=1} 1-0

[Event "45th FIDE Olympiad 2024"]
[Site "Budapest"]
[Date "2024.09.11"]
[Round "1.227"]
[White "Pillay, Ragul"]
[Black "Burovic, Rijad"]
[Result "0-1"]
[ECO "E61"]
[WhiteElo "1633"]
[BlackElo "2426"]
[Annotator "TA"]
[PlyCount "46"]
[EventDate "2024.09.05"]
[EventType "team-tourn"]
[EventCountry "HUN"]
[SourceTitle "playchess.com"]
[Source "ChessBase"]
[SourceQuality "1"]
[WhiteTeam "Seychelles"]
[BlackTeam "Bosnia & Herzegovina"]
[WhiteTeamCountry "SEY"]
[BlackTeamCountry "BIH"]
[TimeControl "40/5400+30:1800+30"]

1. d4 Nf6 2. c4 g6 3. Nc3 Bg7 4. Nf3 O-O 5. e3 d6 6. Be2 Nbd7 7. O-O e5 8. dxe5 dxe5 9. Qc2 c6 10. Ne4 (10. b4 $11) 10... Nxe4 $17 11. Qxe4 Nc5 {Inhibits Qd3. Black is better.} 12. Qc2 Bf5 13. Qd1 Qb6 {Black is more active.} 14. Nd2 Rfd8 $36 {[%mdl 2048] Black is in control.} 15. a3 {[#]} a5 $1 16. b3 Rd7 17. Bg4 (17. g4 $142 Be6 18. Qc2) 17... Bxg4 $19 18. Qxg4 Rad8 19. Ra2 e4 20. Nxe4 $2 (20. Qe2) 20... f5 (20... Qxb3 $2 {is the wrong capture.} 21. Nxc5 Qxa2 22. Nxd7 $18) (20... Nxb3 $2 21. Qe2 $19) 21. Qg5 Nxe4 22. Qf4 Qxb3 {[%cal Od7d1] [#] ( -> ...Rd1!)} 23. Re2 Rd1 {White got outplayed after the opening.   Weighted Error Value: White=1.69/Black=0.06 (flawless) .  Mistake:       	White=3     	---        Inaccurate:     	White=2     	---        OK:         	White=2     	Black=7      Best:        	---       	Black=2} 0-1

[Event "45th FIDE Olympiad 2024"]
[Site "Budapest"]
[Date "2024.09.11"]
[Round "1.228"]
[White "Culum, Sanjin"]
[Black "Pillay, Harish"]
[Result "1-0"]
[ECO "C54"]
[WhiteElo "2409"]
[BlackElo "1561"]
[Annotator "TA"]
[PlyCount "37"]
[EventDate "2024.09.05"]
[EventType "team-tourn"]
[EventCountry "HUN"]
[SourceTitle "playchess.com"]
[Source "ChessBase"]
[SourceQuality "1"]
[WhiteTeam "Bosnia & Herzegovina"]
[BlackTeam "Seychelles"]
[WhiteTeamCountry "BIH"]
[BlackTeamCountry "SEY"]
[TimeControl "40/5400+30:1800+30"]

1. e4 e5 2. Nf3 Nc6 3. Bc4 Bc5 4. c3 Nf6 5. d3 d6 6. O-O Bg4 7. h3 Bh5 8. Nbd2 O-O 9. Re1 Na5 10. Bb5 {[%cal Bc4b5,Bb5a4,Ba4c2][%mdl 32] [#] aiming for b4. White is slightly better.} a6 11. Ba4 {Black must now prevent b4.} Ba7 12. Nf1 b5 13. Bc2 d5 ({Black should try} 13... c5 $14) 14. Ng3 $16 {Hoping for Nxh5.} dxe4 15. Nxh5 (15. Nxe4 Nxe4 16. Rxe4 Nc6 $11) (15. dxe4 $6 Qxd1 16. Rxd1 Bxf3 17. gxf3 Rfe8 $14) 15... exf3 $2 (15... Nxh5 {might work better.} 16. Rxe4 (16. Nxe5 Nf6 $16) 16... Nf6) 16. Bg5 $18 ({Not} 16. Qxf3 Nxh5 17. Qxh5 Re8 18. Rxe5 g6 19. Rxe8+ Qxe8 $18) ({Weaker is} 16. Rxe5 Nc6 17. Rf5 Nxh5 $16) 16... Qc8 $2 (16... Bxf2+ 17. Kxf2 Ng4+ 18. hxg4 Qxg5 19. Qxf3 Rab8) 17. Bxf6 gxf6 18. Qxf3 {[#] White wants to mate with Qg3+.} (18. gxf3 $2 {too greedy.} Qxh3 19. Nxf6+ Kh8 $19) 18... Qe6 19. Qg3+ {White took control after the opening.   Weighted Error Value: White=0.01 (flawless) /Black=0.99.  Mistake:       	---       	Black=3      Inaccurate:     	---       	Black=2      OK:         	White=5     	Black=2      Best:        	White=3     	---} 1-0

[Event "45th FIDE Olympiad 2024"]
[Site "Budapest"]
[Date "2024.09.11"]
[Round "1.229"]
[White "Delgado Ramirez, Neuris"]
[Black "Gontcharov, Serguei"]
[Result "1-0"]
[ECO "B23"]
[WhiteElo "2484"]
[BlackElo "1927"]
[Annotator "TA"]
[PlyCount "65"]
[EventDate "2024.09.05"]
[EventType "team-tourn"]
[EventCountry "HUN"]
[SourceTitle "playchess.com"]
[Source "ChessBase"]
[SourceQuality "1"]
[WhiteTeam "Paraguay"]
[BlackTeam "Bermuda"]
[WhiteTeamCountry "PAR"]
[BlackTeamCountry "BER"]
[TimeControl "40/5400+30:1800+30"]

1. e4 c5 2. Nc3 Nc6 3. Bb5 d6 4. Bxc6+ bxc6 5. f4 g6 6. Nf3 Bg7 7. O-O e6 (7... c4 $11 {keeps the balance.}) 8. e5 $16 d5 {Against Ne4} 9. b3 {White is better.} Ba6 10. d3 Qa5 (10... Bf8 $16 {is a better defense.}) 11. Na4 Bf8 12. c4 Nh6 13. Bd2 Qc7 14. Be3 Qa5 15. Qe1 Qxe1 16. Raxe1 d4 (16... Be7 $142 17. Bxc5 (17. Nxc5 Bc8 $18) 17... Bd8) 17. Bc1 $18 O-O-O 18. Ba3 Nf5 19. Ng5 (19. Nxc5 h6 20. Re4 (20. g4 Ne3 $16) 20... Rg8) 19... Rd7 20. Bxc5 Bh6 (20... Be7 $142 21. Bxe7 (21. Nxf7 Bxc5 22. Nxc5 Rxf7 $18) 21... Rxe7) 21. Ne4 Bg7 22. Nd6+ Nxd6 23. Bxd6 Bb7 24. Nc5 Rdd8 25. b4 Bf8 {Black is weak on the dark squares} 26. Ne4 ({Much less strong is} 26. Bxf8 Rhxf8 27. Rb1 Kc7 $18) 26... h5 27. Rb1 Ba8 28. Rb3 ({Don't play} 28. Bxf8 Rdxf8 29. Ng5 c5 30. bxc5 h4 $18) 28... Rd7 29. Ra3 Bxd6 30. exd6 (30. Nxd6+ Kb8 31. Ne4 h4) 30... f5 (30... Kb8 $142 31. c5 Rb7) 31. Nc5 Rxd6 32. Rxa7 Rg8 33. Rxa8+ {Black got outplayed after the opening.   Weighted Error Value: White=0.13 (very precise) /Black=0.49.  Mistake:       	---       	Black=5      Inaccurate:     	---       	Black=1      OK:         	White=12    	Black=6} 1-0

[Event "45th FIDE Olympiad 2024"]
[Site "Budapest"]
[Date "2024.09.11"]
[Round "1.230"]
[White "Dacres, Don"]
[Black "Cubas, Jose Fernando"]
[Result "0-1"]
[ECO "B31"]
[WhiteElo "1863"]
[BlackElo "2417"]
[Annotator "TA"]
[PlyCount "76"]
[EventDate "2024.09.05"]
[EventType "team-tourn"]
[EventCountry "HUN"]
[SourceTitle "playchess.com"]
[Source "ChessBase"]
[SourceQuality "1"]
[WhiteTeam "Bermuda"]
[BlackTeam "Paraguay"]
[WhiteTeamCountry "BER"]
[BlackTeamCountry "PAR"]
[TimeControl "40/5400+30:1800+30"]

1. e4 c5 2. Nf3 Nc6 3. Bb5 g6 4. c3 Nf6 5. e5 Nd5 6. Bxc6 dxc6 7. O-O Bg7 8. d4 {The position is equal.} cxd4 9. cxd4 O-O 10. Nc3 Bf5 11. Nh4 Be6 12. Re1 {[#]} c5 $1 13. Nf3 Nxc3 14. bxc3 cxd4 15. cxd4 Bd5 16. a4 Qd7 17. Be3 Rfc8 18. Nd2 Rc3 19. Nb1 Rc6 20. Nd2 Rac8 21. Nb3 b6 {Inhibits Nc5. White is weak on the light squares} 22. a5 Rc3 23. Nd2 f6 (23... b5 $17 24. Nb1 R3c4) 24. exf6 Bxf6 {A strong pair of Bishops.} 25. axb6 axb6 26. Nb1 (26. h3 $15) 26... Rc2 $17 {Black has more active pieces.} 27. h3 {[#]} (27. Nd2 $17) 27... b5 (27... Qb7 $1 $19 28. Na3 Ra2 (28... Rb2 29. Qg4 $17) 29. Rxa2 Bxa2) 28. Re2 $2 {[#] This costs White the game.} (28. Na3 $17 R2c3 29. Nb1) 28... Rxe2 $1 $40 {[%mdl 128] Black has strong attack.} 29. Qxe2 b4 {[%cal Of6d4] ...Bxd4! would now be deadly.} 30. Qd1 (30. Ra5 $142 e6 31. Qd3) 30... b3 31. Nd2 Qb7 32. f3 $2 (32. Nxb3 Qxb3 33. Qg4) 32... Rc3 33. Bf2 b2 34. Rb1 Qc7 {Threatens to win with ...Rc1.} 35. Nf1 Rc1 {Black mates.} 36. Qd3 Rxb1 37. Qxb1 Qc1 38. Qd3 b1=Q {Weighted Error Value: White=0.74/Black=0.20 (precise) .  Loses game:     	White=1     	---        Mistake:       	White=4     	Black=2      Inaccurate:     	White=3     	Black=1      OK:         	White=10    	Black=13     Strong:       	---       	Black=1} 0-1

[Event "45th FIDE Olympiad 2024"]
[Site "Budapest"]
[Date "2024.09.11"]
[Round "1.231"]
[White "Almiron, Antonio"]
[Black "Lill, Sami"]
[Result "1-0"]
[ECO "D36"]
[WhiteElo "2312"]
[BlackElo "1902"]
[Annotator "TA"]
[PlyCount "63"]
[EventDate "2024.09.05"]
[EventType "team-tourn"]
[EventCountry "HUN"]
[SourceTitle "playchess.com"]
[Source "ChessBase"]
[SourceQuality "1"]
[WhiteTeam "Paraguay"]
[BlackTeam "Bermuda"]
[WhiteTeamCountry "PAR"]
[BlackTeamCountry "BER"]
[TimeControl "40/5400+30:1800+30"]

1. d4 d5 2. c4 e6 3. Nc3 Be7 4. Nf3 Nf6 5. cxd5 exd5 6. Bg5 c6 7. Qc2 h6 8. Bf4 Na6 9. a3 Nc7 10. e3 {White is slightly better.} Ne6 11. Be5 Bd7 12. Bd3 Qa5 13. O-O Ng4 14. Bg3 O-O 15. h3 Nf6 16. Ne5 Bc8 17. b4 $36 {[%mdl 2048] White has strong initiative.} Qd8 18. Na4 {White has more active pieces. The black rooks are passive.} Nd7 19. f4 Nxe5 20. dxe5 a5 (20... Bh4 $14 21. Qf2 Bxg3 22. Qxg3 f5) 21. f5 $16 Ng5 {[#]} 22. h4 (22. Rab1 $142 $1) 22... Ne4 $2 {A mistake that costs the game.} (22... Nh7 $16) 23. Bxe4 $18 dxe4 24. f6 (24. Qxe4 axb4 25. axb4 Qd5 $18) 24... gxf6 $2 (24... axb4 25. Rad1 (25. fxe7 Qxe7 26. axb4 Be6 $18) 25... Qc7) 25. exf6 {Rad1 is the strong threat.} ({Not} 25. Qxe4 axb4 26. axb4 f5 $11) 25... Bxf6 (25... Bd6 $142) 26. Rad1 Bd7 27. Nc5 Bg4 28. Rxd8 Bxd8 29. Qxe4 Bh5 30. Bd6 Bg6 {[#]} 31. Qxg6+ $3 fxg6 32. Rxf8+ {Weighted Error Value: White=0.07 (flawless) /Black=0.75.  Loses game:     	---       	Black=1      Mistake:       	White=1     	Black=3      Inaccurate:     	White=1     	Black=1      OK:         	White=8     	Black=5      Best:        	White=2     	---} 1-0

[Event "45th FIDE Olympiad 2024"]
[Site "Budapest"]
[Date "2024.09.11"]
[Round "1.232"]
[White "Dennis, Nathan"]
[Black "Latorre, Matias"]
[Result "0-1"]
[ECO "A48"]
[WhiteElo "1828"]
[BlackElo "2264"]
[Annotator "TA"]
[PlyCount "110"]
[EventDate "2024.09.05"]
[EventType "team-tourn"]
[EventCountry "HUN"]
[SourceTitle "playchess.com"]
[Source "ChessBase"]
[SourceQuality "1"]
[WhiteTeam "Bermuda"]
[BlackTeam "Paraguay"]
[WhiteTeamCountry "BER"]
[BlackTeamCountry "PAR"]
[TimeControl "40/5400+30:1800+30"]

1. d4 Nf6 2. Bf4 b6 3. e3 Bb7 4. Nd2 c5 5. c3 g6 6. Ngf3 Bg7 7. h3 O-O 8. Be2 d6 9. O-O Nbd7 10. Qb3 Nd5 11. Bg5 a6 12. Rfd1 h6 {The position is equal.} 13. Bh4 Rb8 14. a4 b5 15. axb5 axb5 16. Qc2 ({Much weaker is} 16. Qxb5 Nxe3 17. fxe3 Bxf3 $17) 16... Nc7 (16... Qb6 $11) 17. Ne4 Qe8 18. dxc5 d5 {[#]} (18... Nxc5 $14 19. Nxc5 dxc5) 19. Ned2 (19. Nd4 $1 $16 ) 19... Nxc5 $14 20. Bg3 e5 21. Nb3 Ne4 22. Bh2 f5 (22... Qe7 $11) 23. Nfd2 Nd6 24. Nc5 Bc6 25. Ra7 Rf7 26. Bf3 Ne6 27. Rxf7 Qxf7 (27... Nxf7 $14 28. Na6 Rd8) 28. Ndb3 (28. Nd3 $16) 28... Ng5 $11 29. Be2 Nc4 30. Nd2 Qa7 31. Nd3 Nf7 ({Better is} 31... Nxh3+ $1 $11 32. gxh3 Nxe3 33. fxe3 Qxe3+ 34. Kf1 Qxh3+ 35. Kg1 Qe3+ 36. Kf1 Qh3+ 37. Kg1 Qe3+ 38. Kf1 Qh3+) 32. Nb4 $14 Bb7 33. Bf3 (33. Nf3 $1 $14) 33... Rd8 $1 $11 34. Nxc4 dxc4 35. Bxb7 Qxb7 36. Rxd8+ Nxd8 37. Qd2 Nf7 38. Qd5 Qxd5 39. Nxd5 {[%mdl 4096] Endgame. KBN-KBN} Nd6 40. Kf1 Kf7 41. Ke2 Ke6 42. Nc7+ Kd7 43. Nd5 ({White should try} 43. Na6 $11) 43... Ne4 44. f4 Kd6 45. Nb4 exf4 46. Bxf4+ Kc5 {[%cal Og7c3] aiming for ...Bxc3!} 47. Na6+ Kb6 48. Nb4 Ka5 {[%cal Og7c3] Hoping for ...Bxc3!} 49. Nc6+ (49. Kd1 $1 $11 {was the only way to keep the balance.}) 49... Ka4 $17 {Threatens to win with ...Kb3.} 50. Nd4 (50. Kd1 $17 {keeps fighting.}) 50... Bxd4 (50... g5 $142 51. Bh2 Bxd4 52. exd4 Nf6 (52... Kb3 53. Be5 $15)) 51. exd4 $19 {[%cal Od4d5] [#]} Kb3 (51... Nf6 $1 $17 {...Kb3 would now be deadly.} 52. Bd6 (52. Bxh6 $2 {loses.} Kb3 $19) 52... Kb3) 52. Bxh6 $2 {[%mdl 8192] White does not recover from this.} (52. d5 $15) 52... Kxb2 53. Bd2 Nxd2 {Black mates.} (53... Nxc3+ $2 54. Bxc3+ Kxc3 55. d5 $19) 54. Kxd2 {[#]} b4 $1 55. Ke2 (55. cxb4 c3+) 55... bxc3 {Weighted Error Value: White=0.49/Black=0.20 (precise) .  Loses game:     	White=1     	---        Mistake:       	White=6     	Black=7      Inaccurate:     	White=3     	Black=3      OK:         	White=15    	Black=11     Best:        	White=1     	Black=4      Strong:       	---       	Black=1} 0-1